Map: [ESL] Hecate

Players

SCV - Winner!

  • Race: Protoss Protoss
  • Spawn Location: 7:00

MeomaikA

  • Race: Zerg Zerg
  • Spawn Location: 1:00

Event: ESL SC2 Masters 2023 Winter (Regional)

VOD

Have the link to the VOD?

Description

Time

  • Played on: Nov. 4, 2023, 7:59 a.m.
  • Length: 15:59
Show
View Real Time Build Order
Export as new Build Order

SCV Protoss - Winner!

Build Orders:  

Get SALT Encoding   

  12  0:00  Probe  
  13  0:12  Probe  
  14  0:19  Pylon  
  14  0:24  Probe  
  15  0:37  Probe (Chrono Boost)  
  15  0:38  Gateway  
  16  0:46  Assimilator, Probe (Chrono Boost)  
  17  0:51  Probe (Chrono Boost)  
  18  1:03  Probe  
  19  1:15  Probe  
  20  1:23  Pylon  
  20  1:25  Cybernetics Core  
  20  1:35  Zealot  
  22  1:47  Nexus  
  22  1:50  Probe  
  23  1:58  Assimilator  
  23  1:59  Adept (Chrono Boost)  
  23  2:05  Probe  
  26  2:17  Probe  
  26  2:20  Adept (Chrono Boost)  
  29  2:30  Probe  
  29  2:38  Stargate  
  29  2:42  Probe  
  30  2:51  Pylon  
  30  2:53  Warp Gate  
  30  2:57  Probe (Chrono Boost)  
  31  2:59  Probe (Chrono Boost)  
  32  3:08  Probe (Chrono Boost)  
  32  3:10  Probe (Chrono Boost)  
  34  3:13  Probe (Chrono Boost)  
  34  3:18  Gateway, Probe  
  36  3:25  Probe  
  37  3:30  Probe  
  42  3:37  Void Ray (Chrono Boost)  
  42  3:39  Probe  
  41  3:45  Twilight Council  
  41  3:48  Probe  
  40  3:52  Probe  
  40  3:53  Adept  
  43  4:00  Probe  
  44  4:04  Probe  
  45  4:10  Shield Battery  
  45  4:12  Probe  
  45  4:16  Probe  
  47  4:20  Gateway  
  47  4:22  Gateway  
  47  4:23  Resonating Glaives (Chrono Boost)  
  47  4:24  Probe  
  47  4:28  Probe  
  47  4:31  Pylon  
  49  4:36  Probe  
  50  4:40  Adept  
  50  4:41  Adept  
  54  4:49  Nexus  
  54  4:51  Pylon  
  52  4:55  Probe x2  
  53  5:01  Adept  
  53  5:02  Adept  
  53  5:06  Robotics Facility  
  57  5:08  Probe x2  
  59  5:15  Adept x2  
  59  5:20  Probe x2  
  65  5:25  Adept  
  65  5:26  Adept  
  67  5:32  Probe  
  67  5:33  Assimilator  
  66  5:36  Assimilator, Adept x2  
  70  5:45  Pylon  
  70  5:54  Robotics Bay  
  70  6:00  Observer, Probe x2  
  70  6:01  Probe  
  74  6:07  Adept x4  
  74  6:12  Probe x2  
  74  6:13  Probe  
  74  6:14  Shield Battery  
  74  6:16  Shield Battery  
  77  6:19  Pylon  
  77  6:27  Adept x4  
  85  6:32  Shield Battery  
  85  6:36  Probe x3  
  85  6:38  Colossus (Chrono Boost)  
  85  6:39  Pylon  
  94  6:48  Adept x2  
  94  6:53  Probe x3  
  101  6:59  Assimilator  
  101  7:02  Pylon  
  101  7:03  Extended Thermal Lance, Assimilator  
  101  7:07  Probe x3  
  104  7:16  Colossus (Chrono Boost), Pylon  
  104  7:19  Probe x3  
  113  7:23  Gateway  
  113  7:27  Adept x2  
  115  7:43  Pylon  
  112  7:44  Pylon  
  112  7:45  Pylon  
  112  7:49  Pylon  
  110  8:03  Colossus (Chrono Boost)  
  108  8:09  Adept x4  
  122  8:15  Blink (Chrono Boost)  
  120  8:22  Nexus  
  120  8:24  Pylon  
  120  8:35  Gateway  
  120  8:37  Gateway  
  120  8:46  Sentry x4  
  128  8:53  Shield Battery  
  124  8:58  Forge  
  124  9:01  Disruptor (Chrono Boost), Probe  
  124  9:02  Probe  
  126  9:03  Assimilator  
  130  9:10  Pylon  
  130  9:14  Probe  
  131  9:19  Probe  
  132  9:26  Probe  
  131  9:34  Disruptor (Chrono Boost)  
  131  9:37  Stalker x5  
  131  9:38  Protoss Ground Weapons Level 1 (Chrono Boost)  
  143  9:42  Stalker  
  145  9:50  Shield Battery  
  144  9:54  Gateway  
  144  9:55  Gateway  
  144  9:57  Gateway  
  124  10:15  Stalker x6  
  124  10:18  Disruptor (Chrono Boost)  
  119  10:36  Gateway  
  119  10:38  Stalker  
  121  10:47  Disruptor (Chrono Boost), Stalker x5  
  135  10:54  Robotics Facility  
  127  11:07  Stalker x3  
  133  11:12  Stalker x5  
  133  11:15  Pylon  
  143  11:19  Pylon  
  143  11:28  Protoss Ground Weapons Level 2 (Chrono Boost)  
  143  11:30  Observer (Chrono Boost)  
  143  11:32  Nexus  
  144  11:34  Pylon  
  143  11:40  Stalker  
  143  11:41  Stalker x4  
  153  11:50  Disruptor  
  157  12:00  Nexus  
  157  12:03  Pylon  
  157  12:07  Charge (Chrono Boost)  
  155  12:14  Gateway  
  155  12:22  Stalker x6  
  165  12:26  Shield Battery  
  169  12:41  Probe x2  
  171  12:50  Colossus (Chrono Boost)  
  157  12:56  Colossus (Chrono Boost)  
  141  13:00  Adept x6  
  142  13:07  Adept x2  
  142  13:21  Adept x6  
  152  13:28  Adept x2  
  145  13:34  Probe x2  
  145  13:35  Probe  
  145  13:38  Disruptor (Chrono Boost)  
  156  13:48  Disruptor (Chrono Boost)  
  156  13:49  Shield Battery  
  156  13:51  Shield Battery  
  156  13:58  Assimilator, Probe x3  
  156  14:00  Assimilator  
  156  14:01  Probe  
  160  14:07  Photon Cannon  
  160  14:08  Photon Cannon  
  160  14:14  Disruptor (Chrono Boost)  
  160  14:16  Disruptor (Chrono Boost)  
  164  14:41  Pylon  
  164  14:42  Stalker x7  
  164  14:43  Stalker  
  164  14:44  Disruptor (Chrono Boost)  
  184  14:45  Disruptor (Chrono Boost)  
  184  14:47  Pylon  
  188  14:58  Pylon  
  188  15:04  Photon Cannon  
  188  15:06  Photon Cannon  
  188  15:11  Nexus  
  188  15:13  Pylon  
  188  15:15  Disruptor  
  188  15:18  Observer, Stalker  
  188  15:19  Stalker x2  
  187  15:43  Zealot x6  
Show
View Real Time Build Order
Export as new Build Order

MeomaikA Zerg 

Build Orders: Pool First 

Get SALT Encoding   

  12  0:00  Drone  
  13  0:10  Drone  
  14  0:17  Extractor  
  14  0:18  Drone  
  15  0:22  Overlord  
  15  0:38  Spawning Pool  
  15  0:40  Drone  
  15  0:44  Drone  
  15  0:48  Drone  
  17  1:09  Hatchery  
  16  1:12  Drone  
  16  1:14  Extractor  
  16  1:25  Zergling x4  
  18  1:27  Zergling x2  
  19  1:33  Queen  
  19  1:37  Drone  
  22  1:47  Overlord  
  22  2:06  Drone  
  23  2:09  Drone, Queen  
  26  2:21  Drone x2  
  28  2:22  Metabolic Boost  
  27  2:31  Drone  
  27  2:32  Drone  
  29  2:42  Drone  
  29  2:44  Drone x4  
  33  2:54  Drone  
  33  2:55  Overlord  
  33  3:07  Hatchery  
  33  3:09  Drone  
  33  3:20  Zergling x12  
  39  3:28  Lair  
  39  3:29  Spore Crawler  
  39  3:31  Drone  
  39  3:33  Drone  
  40  3:39  Drone  
  40  3:40  Drone  
  40  3:43  Drone  
  41  3:49  Spore Crawler  
  41  3:50  Drone  
  41  3:53  Drone  
  41  3:55  Extractor  
  41  3:56  Drone  
  41  4:00  Drone  
  43  4:07  Overlord  
  43  4:10  Overlord  
  43  4:17  Drone  
  44  4:19  Overlord  
  44  4:20  Queen  
  44  4:21  Drone x2  
  44  4:23  Drone  
  49  4:25  Drone  
  49  4:27  Drone  
  49  4:29  Drone  
  49  4:30  Drone  
  53  4:36  Drone, Hydralisk Den  
  53  4:42  Overlord  
  53  4:48  Drone x4  
  53  4:50  Drone  
  55  4:57  Drone x5  
  58  5:04  Drone  
  58  5:05  Hydralisk  
  58  5:06  Muscular Augments  
  61  5:07  Hydralisk  
  61  5:10  Hydralisk  
  61  5:12  Hydralisk  
  67  5:16  Hydralisk  
  67  5:26  Hydralisk x2  
  67  5:27  Spore Crawler  
  67  5:28  Hydralisk  
  67  5:30  Drone x2  
  70  5:36  Zergling x6  
  70  5:37  Zergling x4  
  70  5:41  Hydralisk  
  77  5:43  Zergling x4  
  77  5:44  Zergling x2  
  77  5:46  Zergling x4  
  77  5:48  Overlord  
  77  5:49  Extractor  
  82  5:51  Overlord  
  82  5:57  Overlord  
  82  6:07  Zergling x2  
  82  6:08  Zergling x4  
  82  6:10  Zergling x4, Hydralisk x2  
  87  6:12  Zergling x2  
  87  6:14  Queen  
  87  6:16  Hydralisk  
  92  6:20  Hydralisk  
  92  6:22  Zergling x2  
  93  6:25  Zergling x2  
  93  6:26  Zergling x2  
  93  6:27  Hydralisk  
  93  6:29  Overlord  
  97  6:33  Overlord  
  97  6:41  Overlord  
  97  6:42  Overlord  
  97  6:48  Drone x3  
  97  6:49  Drone x3, Hydralisk  
  97  6:52  Zergling x4  
  107  6:54  Hydralisk  
  107  6:56  Zergling x2  
  107  6:58  Hydralisk  
  107  7:00  Zergling x4  
  114  7:02  Zergling x2, Hatchery  
  114  7:03  Zergling x2  
  114  7:05  Zergling x2  
  114  7:07  Zergling x4  
  118  7:08  Zergling x2  
  119  7:16  Zergling x2  
  119  7:17  Zergling x2  
  119  7:21  Overlord  
  121  7:23  Overlord  
  121  7:32  Zergling x2  
  121  7:33  Zergling x2  
  121  7:35  Zergling x2  
  121  7:36  Zergling x4  
  117  7:37  Zergling x2  
  117  7:38  Zergling x4, Hydralisk x2  
  119  7:44  Roach Warren  
  119  7:46  Drone  
  119  7:48  Zergling x2  
  119  7:49  Zergling x2  
  117  7:52  Overlord  
  117  7:53  Drone x2  
  117  7:58  Zergling x2  
  114  8:03  Drone x2  
  113  8:07  Zergling x2  
  113  8:10  Hydralisk  
  114  8:19  Drone x4  
  119  8:20  Drone x2, Overlord  
  119  8:24  Glial Reconstitution, Evolution Chamber  
  119  8:25  Roach x3  
  119  8:26  Roach x2  
  129  8:30  Queen, Roach  
  129  8:32  Roach  
  129  8:33  Overlord  
  135  8:36  Roach x2  
  139  8:42  Roach  
  139  8:44  Roach x3  
  139  8:46  Roach x2  
  149  8:48  Drone x2  
  149  8:51  Zerg Missile Weapons Level 1  
  149  8:52  Drone  
  149  8:53  Drone x2  
  155  8:55  Roach  
  155  8:57  Overseer  
  155  9:01  Roach x2  
  159  9:08  Zergling x2  
  159  9:09  Overlord  
  160  9:10  Overlord  
  160  9:22  Roach x2  
  159  9:29  Roach  
  159  9:30  Roach x9  
  172  9:32  Zergling x4  
  172  9:36  Zergling x2  
  172  9:38  Zergling x2  
  175  9:41  Zergling x2  
  176  9:48  Overlord  
  176  9:51  Overlord  
  175  9:59  Overlord  
  175  10:00  Overlord  
  162  10:09  Zergling x6  
  162  10:12  Zergling x2  
  147  10:14  Zergling x2  
  147  10:15  Zergling x2  
  147  10:19  Zergling x6  
  147  10:20  Zergling x4  
  133  10:22  Zergling x6  
  133  10:23  Roach  
  133  10:25  Zergling x4  
  133  10:26  Zergling x2, Roach x3  
  133  10:28  Drone x2, Infestation Pit  
  129  10:30  Drone  
  129  10:33  Drone  
  129  10:34  Drone  
  129  10:35  Drone  
  133  10:41  Roach  
  135  10:45  Roach x2  
  135  10:47  Drone x2  
  135  10:48  Drone  
  142  10:51  Drone  
  142  10:52  Roach  
  145  10:57  Roach, Hatchery  
  145  11:01  Drone x5  
  139  11:08  Zerg Melee Weapons Level 1, Zergling x10  
  142  11:18  Hive  
  141  11:19  Zergling x12  
  141  11:21  Zergling x2  
  141  11:22  Zergling x2  
  141  11:25  Zergling x6  
  152  11:26  Zergling x2  
  152  11:28  Zergling x2  
  152  11:29  Zergling x2  
  152  11:31  Zergling x2  
  152  11:32  Zergling x2  
  157  11:34  Drone  
  157  11:35  Zergling x6  
  161  11:46  Zergling x2  
  161  11:47  Zergling x10  
  167  11:49  Zergling x2  
  167  11:53  Zergling x6  
  167  11:54  Zergling x4, Overlord  
  173  11:55  Zergling x4  
  173  12:00  Zergling x4  
  171  12:01  Zergling x2  
  165  12:18  Zergling x20  
  165  12:20  Zergling x2  
  170  12:23  Zergling x4, Queen  
  170  12:24  Zergling x12  
  180  12:30  Overseer  
  180  12:33  Zergling x6  
  180  12:34  Zergling x2  
  168  12:38  Zergling x14  
  168  12:39  Zergling x2  
  168  12:41  Zergling x2  
  166  12:45  Zergling x2  
  166  12:47  Zergling x2  
  166  12:48  Zergling x2  
  131  12:51  Zergling x2  
  131  12:52  Zergling x4  
  131  12:53  Zergling x4  
  131  12:54  Zergling x4  
  131  12:55  Zergling x2  
  131  12:57  Roach  
  131  12:58  Roach  
  120  12:59  Roach  
  120  13:01  Roach  
  120  13:02  Roach x2  
  120  13:04  Adrenal Glands, Zerg Melee Weapons Level 2  
  126  13:06  Roach x4  
  126  13:09  Roach  
  126  13:10  Roach  
  126  13:11  Roach  
  140  13:17  Zergling x2  
  141  13:24  Zergling x4  
  141  13:25  Zergling x6  
  141  13:26  Zergling x2  
  136  13:27  Zergling x6  
  136  13:30  Zergling x2  
  118  13:34  Roach x4  
  118  13:35  Roach  
  118  13:36  Viper  
  118  13:39  Viper  
  126  13:43  Roach  
  126  13:44  Roach  
  126  13:45  Roach  
  132  13:52  Hatchery  
  132  13:55  Drone x3  
  133  13:56  Drone  
  133  13:57  Zergling x2  
  133  13:59  Zergling x2  
  133  14:00  Zergling x2  
  138  14:03  Roach  
  138  14:08  Viper x2  
  138  14:09  Zergling x2  
  148  14:10  Zergling x2  
  148  14:14  Zergling x2  
  148  14:15  Zergling x6  
  152  14:17  Zergling x2  
  152  14:18  Zergling x2  
  152  14:19  Zergling x2  
  152  14:24  Roach x2  
  158  14:25  Zergling x4  
  158  14:26  Zergling x2  
  158  14:28  Zergling x2  
  158  14:30  Zergling x2  
  163  14:32  Zergling x4  
  163  14:35  Zergling x6  
  168  14:39  Zergling x2  
  168  14:42  Zergling x8  
  168  14:43  Zergling x2  
  174  14:46  Zergling x4  
  174  14:47  Zergling x2  
  174  14:52  Zergling x4  
  179  14:53  Zergling x2  
  179  14:55  Zergling x2  
  181  15:01  Zergling x2  
  181  15:03  Zergling x2  
  181  15:04  Zergling x4  
  185  15:11  Zergling x10  
  185  15:12  Zergling x4  
  191  15:15  Zergling x4  
  191  15:20  Zergling x4  
  195  15:22  Zergling x2  
  195  15:27  Spine Crawler  
  134  15:36  Zergling x18  
  134  15:39  Zergling x8  
  134  15:41  Zergling x4  
  134  15:42  Zergling x2  
Tags
 
Add a new tag
Caveats
  • Supply blocks, unpowered buildings, or Contaminate may cause inaccurate times.
  • Supply counts are checked every 10 seconds.